AoeStats
← christar123 ten

Arabian Desert

509202106Analyzed
1v1 RM · 7d ago on Sep 25, 2026· 42m 58s· 2 players
Game mode
Random Map
Map size
Tiny (2 player)
Population
200
Speed
Normal
Resources
Standard
Victory
Conquest
Starting age
Dark Age
Ending age
Imperial Age
RankedLock teamsTeams togetherTeam positionsShared explorationLock speedFull tech treeHidden civsTurbo modeCheats
Victory
Defeat
🇦🇷 Wu · Argentina
2102
+14
🇬🇧 Khitans · United Kingdom
2066
-14
christar123 ten
6:21 Loom
8:45 Feudal Age
9:20 Double-Bit Axe
21:20 Castle Age
21:20 Forging
21:50 Scale Barding Armor
21:35 Light Cavalry
22:45 Domestication
26:16 Iron Casting
27:03 Pastoralism
29:04 Bow Saw
31:43 Chain Barding Armor
39:42 Husbandry
42:50 Wheelbarrow
XEVER | Dylan
6:23 Loom
8:48 Feudal Age
8:54 Man-at-Arms
10:12 Double-Bit Axe
13:29 Town Watch
17:28 Fletching
22:22 Castle Age
20:38 Horse Collar
23:01 Bodkin Arrow
22:26 Crossbowman
24:17 Bow Saw
25:52 Wheelbarrow
25:58 Pikeman
27:34 Gold Mining
29:19 Scale Mail Armor
30:37 Chain Mail Armor
33:58 Squires
40:36 Hand Cart
44:45 Imperial Age
42:34 Forging
42:55 Heavy Plow
44:04 Iron Casting
Connection lost

Rejoining the realm…

Still unreachable

The connection could not be restored.

Session expired

The server has moved on; the page needs a fresh start.